 Dungeon Crawl Stone Soup version 0.30-a0-782-ge64f9170bb (webtiles) character file.

Game seed: 773351132113265121

27 HoaS the Shooter (level 2, 0/24 HPs)
             Began as a Demigod Hunter on Feb 26, 2023.
             Slain by Sigmund
             ... wielding a +2 scythe of distortion
              (3 damage)
             ... on level 2 of the Dungeon.
             The game lasted 00:01:59 (511 turns).

HoaS the Shooter (Demigod Hunter)                    Turns: 511, Time: 00:01:59

Health: 0/24       AC:  5    Str: 12    XL:     2   Next: 72%
Magic:  4/4        EV: 12    Int: 11    God:
Gold:   134        SH:  0    Dex: 17    Spells: 1/1 levels left

rFire   + . .      SeeInvis .    a - +1 shortbow (heavy)
rCold   + . .      Faith    .    (shield currently unavailable)
rNeg    . . .      Spirit   .    c - +0 leather armour
rPois   .          Reflect  .    (no helmet)
rElec   .          Harm     .    (no cloak)
rCorr   .          Rampage  .    e - +1 pair of gloves
Will    .....                    (no boots)
Stlth   ++                       (no amulet)
HPRegen 0.24/turn                i - ring of protection from fire
MPRegen 0.09/turn                m - ring of protection from cold

@: no status effects
A: high MP 1, forlorn, divine attributes
a: no special abilities


You were on level 2 of the Dungeon.
You visited 1 branch of the dungeon, and saw 2 of its levels.

You collected 134 gold pieces.

Inventory:

Hand Weapons
 a - a +1 heavy shortbow (weapon)
Armour
 c - a +0 leather armour (worn)
 e - a +1 pair of gloves (worn)
Jewellery
 i - a ring of protection from fire (left hand)
 m - a ring of protection from cold (right hand)
Scrolls
 b - a scroll of immolation
 k - 2 scrolls of brand weapon
Potions
 d - a potion of might {unknown}
 g - a potion of haste {unknown}
 l - a potion of ambrosia {unknown}


   Skills:
 - Level 1.7 Fighting
 + Level 4.5 Ranged Weapons
 - Level 1.7 Dodging
 - Level 0.8 Stealth


You had one spell level left.
You didn't know any spells.
Your spell library was empty.

Dungeon Overview and Level Annotations

Branches:
Dungeon (2/15)

Shops:
D:1 =

Annotations:
D:2 Sigmund


Innate Abilities, Weirdness & Mutations

You have an increased reservoir of magic. (+10% MP)
You shall have no god before yourself.
Your divine heritage dramatically boosts your attributes as you level up.


Message History

You kill the ball python!
No target in view!
A hobgoblin comes into view.
A hobgoblin is nearby!
You shoot an arrow. The hobgoblin shouts!
The arrow hits the hobgoblin.
The hobgoblin is heavily wounded.
You shoot an arrow. The arrow hits the hobgoblin!
You kill the hobgoblin!
An adder comes into view.
You shoot an arrow. The arrow closely misses the adder.
The adder hisses angrily.
You shoot an arrow. The arrow barely misses the adder.
You shoot an arrow. The arrow hits the adder!
You kill the adder!
No target in view!
Sigmund the Dreaded comes into view.
He is wielding a +2 scythe of distortion.
Sigmund shouts!
You shoot an arrow. The arrow hits Sigmund.
Sigmund is lightly wounded.
You shoot an arrow. The arrow hits Sigmund.
Sigmund is moderately wounded.
You shoot an arrow. The arrow closely misses Sigmund.
Sigmund closely misses you.
You shoot an arrow.
The arrow hits Sigmund but does no damage.
Sigmund is moderately wounded.
Sigmund gestures at you while chanting. You resist with significant effort.
Sigmund hits you but does no damage.
You shoot an arrow. The arrow completely misses Sigmund.
Sigmund casts a spell at you. You resist with significant effort.
You shoot an arrow. The arrow hits Sigmund!
Sigmund is severely wounded.
Sigmund hits you but does no damage. Space warps horribly around you!
Sigmund hits you from afar with a +2 scythe of distortion!
* * * LOW HITPOINT WARNING * * *
Space warps around you.
You die...

..### .....
...... ....
.$.# #@.
#.###
#.@.##
###..# ##.#
#†#####
#.†..<#
#.#.###
#.#.....#
#.#####....
..# ..


You could see Sigmund.

Vanquished Creatures
  An adder (D:2)
  A ball python (D:2)
  An endoplasm (D:1)
  2 giant cockroaches (D:1)
  2 goblins (D:1)
  2 hobgoblins
  A jackal (D:2)
  2 bats (D:1)
  A frilled lizard (D:1)
  3 kobolds (D:1)
  A rat (D:1)
17 creatures vanquished.

Notes
Turn   | Place    | Note
-------+----------+-------------------------------------------
     0 | D:1      | HoaS the Demigod Hunter began the quest for the Orb.
     0 | D:1      | Reached XP level 1. HP: 17/17 MP: 3/3
   141 | D:1      | Found Boeptoask's Jewellery Shop.
   187 | D:1      | Reached skill level 4 in Ranged Weapons
   422 | D:2      | Reached XP level 2. HP: 20/24 MP: 4/4
   505 | D:2      | Noticed Sigmund
   511 | D:2      | Slain by Sigmund

Illustrated notes

Levels and vault maps discovered:
D:1:      dpeg_arrival_simpleton_c, layout_rooms, serial_shops, shop_coins
D:2:      layout_basic, basic_altar, serial_shops,
          nicolae_shop_advertising_works [nicolae_subvault_shop_adworks],
          lexackson_kobold_supper, uniq_sigmund

Skill      XL: |  1 |
---------------+----+-----
Ranged Weapons | 4 |  4.5
Fighting       | |  1.7
Dodging        | |  1.7
Stealth        | |  0.8

Action                     || total
---------------------------++-------
   Fire: Shortbow          ||    50
    Use: Scroll            ||     4
 Armour: Leather armour    ||    10
  Dodge: Dodged            ||    14

Table legend: (Time is in decaauts)
 A = Elapsed time spent in this place.
 B = Non-inter-level travel time spent in this place.
 C = Inter-level travel time spent in this place.
 D = Time resting spent in this place.
 E = Time spent auto-exploring this place.
 F = Levels seen in this place.
 G = Mean time per level.
                   A        B        C        D        E       F      G
               +--------+--------+--------+--------+--------+-----+--------+
         Total |    541 |    526 |     15 |     50 |    330 |   2 |  270.5 |
       Dungeon |    541 |    526 |     15 |     50 |    330 |   2 |  270.5 |
               +--------+--------+--------+--------+--------+-----+--------+

Top non-repeatable levels by time:
     D:1: 481 daAuts
     D:2: 60 daAuts
